[Event "*** Titled Tuesday Blitz"]
[Site "Chess.com"]
[Date "2020.11.24"]
[Round "2"]
[White "Gusarov91"]
[Black "Fortitudine"]
[Result "1-0"]
[WhiteElo "2664"]
[BlackElo "2351"]
[TimeControl "180+1"]
[EndTime "10:34:08 PST"]
[Termination "Gusarov91 won by resignation"]

1. d4 Nf6 2. Nf3 g6 3. c4 c5 4. g3 Bg7 5. Bg2 O-O 6. O-O cxd4 7. Nxd4 Nc6 8. Nc3 d6 9. Nxc6 bxc6 10. Bxc6 Rb8 11.
Bg2 Qa5 12. Qc2 Bb7 13. Bd2 Bxg2 14. Kxg2 Rfc8 15. b3 d5 16. Na4 Qa6 17. Bf4 Rb7 18. c5 Ne4 19. Rac1 e5 20. Be3 f5 21. Qd3 Qc6 22. f3 Nf6 23. Rfd1 d4 24. Bf2 Nd5 25. e4 fxe4 26. Qxe4 Nb4 27. Qxc6 Rxc6 28. Rc4 Nxa2 29. f4 Rxb3 30. fxe5 Bxe5 31. Bxd4 Bxd4 32. Rdxd4 Rb1 33. Rd8+ Kf7 34. Rd7+ Ke6 35. Rxa7 Nc1 36. Rxh7 Nd3 37. Rd4 Ne1+ 38. Kf2 Ke5 39. Rd6 Rxd6 40. cxd6 Kxd6 41. Rg7 Nd3+ 42. Ke3 Ne5 43. Nc3 Rb3 44. Kd4 Rb4+ 45. Ke3 Rb3 46. Kd2 Rb2+ 47. Kd1 Rxh2 48. Ne4+ Kd5 49.
Ng5 Kd4 50. Re7 Rh1+ 51. Ke2 Rh2+ 52. Kf1 Rh1+ 53. Kg2 Ra1 54. Nf3+ Nxf3 55. Kxf3 Ra6 56. Kf4 Rf6+ 57. Kg5 Rf3 58. g4 Kd5 59. Kxg6 Kd6 60. Re1 Rf2 61. g5 Rg2 62. Kf6 Rf2+ 63. Kg7 Rg2 64.
g6 Kd7 65. Kf7 Rf2+ 66. Kg8 Rg2 67. g7 Kd8 68. Re5 Kd7 69. Kf7 Rf2+ 70. Kg6 Rg2+ 71.
Rg5 Rxg5+ 72. Kxg5 Ke7 73. g8=Q 1-0

[Event "*** Titled Tuesday Blitz"]
[Site "Chess.com"]
[Date "2020.11.24"]
[Round "2"]
[White "SanchezKelvin"]
[Black "grzechu96"]
[Result "0-1"]
[WhiteElo "2463"]
[BlackElo "2691"]
[TimeControl "180+1"]
[EndTime "10:34:09 PST"]
[Termination "grzechu96 won by checkmate"]

1. d4 Nf6 2. c4 g6 3. Nc3 d5 4. Nf3 Bg7 5. Bg5 Ne4 6. cxd5 Nxg5 7. Nxg5 e6 8. Qd2 h6 9. Nh3 exd5 10. Nf4 c6 11. h4 Qd6 12. e3 Bf5 13. Be2 h5 14.
O-O-O Nd7 15. Bd3 Bxd3 16. Nxd3 O-O-O 17. Na4 Kb8 18. Kb1 b6 19. Rc1 Rc8 20. Qb4 Qxb4 21. Nxb4 Kb7 22. Rc2 Rc7 23. Rhc1 Rhc8 24. Nd3 Bf6 25.
g3 Be7 26. b4 Bd6 27. Kb2 Nf6 28. Kb3 Ne4 29. Nc3 Nxc3 30. Rxc3 f6 31. a4 a6 32. a5 b5 33. Rh1 Rg8 34. Rcc1 Kc8 35. Rcg1 Rh7 36. Kc3 g5 37. hxg5 fxg5 38. Rh3 Rgh8 39.
Rgh1 h4 40. g4 Rf7 41. Kd2 Re8 42. Ke2 Rfe7 43. Rf3 Re4 44. Rg1 Rxd4 45. Rf6 Kc7 46. Rf7+ Kb8 47. Rf6 Bxb4 48. Rxc6 Bxa5 49. Rxa6 Ra4 50.
Nc5 Ra2+ 51. Kf3 Rf8+ 52. Kg2 Rfxf2+ 53. Kh3 Rh2# 0-1

[Event "*** Titled Tuesday Blitz"]
[Site "Chess.com"]
[Date "2020.11.24"]
[Round "2"]
[White "TC2304"]
[Black "Zq1"]
[Result "1-0"]
[WhiteElo "2344"]
[BlackElo "2590"]
[TimeControl "180+1"]
[EndTime "10:34:09 PST"]
[Termination "TC2304 won on time"]

1. d4 Nf6 2. Bg5 c5 3. Nc3 cxd4 4. Qxd4 Nc6 5. Qh4 e6 6. e4 Be7 7. O-O-O Qa5 8. a3 h6 9. Bd2 Qc7 10. Bd3 a6 11. Nf3 b5 12. Rhe1 b4 13. axb4 Nxb4 14. e5 Nxd3+ 15. cxd3 Nd5 16. Qg4 g6 17. Kb1 Nxc3+ 18.
Bxc3 Rb8 19. Qc4 Qb6 20. d4 Bb7 21. d5 Bxd5 22. Rxd5 exd5 23. Qxd5 Qc6 24. Qd4 Bc5 25. Qg4 Bxf2 26. Rc1 Qe6 27. Qe4 Qf5 28. Qxf5 gxf5 29.
Rf1 Be3 30. Nh4 f4 31. e6 O-O 32. exd7 Rfd8 33. Nf5 Rxd7 34. Nxh6+ Kh7 35. Ng4 Rd3 36. Kc2 Rd5 37. Nxe3 fxe3 38. Rxf7+ Kg6 39. Re7 Rd2+ 40. Bxd2 exd2 41. Rd7 Rh8 42. h3 Kf5 43. Rxd2 Rb8 44. Kc3 Ke4 45. Re2+ Kd5 46. b4 Rc8+ 47. Kb3 Kd4 48. Rd2+ Ke3 49. Rc2 Rg8 50. Ka4 Kd4 51. Ka5 Rg6 52. Rc7 Rxg2 53.
Kxa6 Ra2+ 54. Kb6 Rh2 55. Rh7 Kc4 56. b5 1-0

[Event "*** Titled Tuesday Blitz"]
[Site "Chess.com"]
[Date "2020.11.24"]
[Round "2"]
[White "quesfr"]
[Black "boasovietica"]
[Result "1-0"]
[WhiteElo "2249"]
[BlackElo "2428"]
[TimeControl "180+1"]
[EndTime "10:34:09 PST"]
[Termination "quesfr won on time"]

1. e4 e5 2. Nf3 Nc6 3. d4 exd4 4. Nxd4 Bb4+ 5. Nc3 Qf6 6. Be3 Nge7 7. Nb5 Ba5 8.
g3 a6 9. Nd4 d5 10. Bg2 dxe4 11. Bxe4 Qe5 12. Qd3 Nb4 13. Qe2 Nbd5 14. Bxd5 Nxd5 15.
Bd2 Qxe2+ 16. Ncxe2 Bb6 17. c4 Nf6 18. b4 c5 19.
bxc5 Bxc5 20. Nb3 Ba7 21. Bb4 Be6 22. O-O O-O-O 23. Rac1 Kb8 24. Nf4 Bg4 25. Rfe1 Rhe8 26. Be7 Rc8 27. Bxf6 gxf6 28. Nd5 Re6 29. Rxe6 fxe6 30.
Nxf6 Bf3 31. Nd7+ Kc7 32. Ne5 Bh5 33. g4 Be8 34. Kg2 Rd8 35. Kg3 Bb8 36. f4 Kb6 37. c5+ Ka7 38. Nc4 Bb5 39. Nd6 Bxd6 40. cxd6 Rxd6 41. Rc7 h5 42. gxh5 Rd3+ 43. Kg4 Re3 44.
h6 Re2 45. h3 Rg2+ 46. Kf3 Rh2 47. Kg3 Re2 48. h7 1-0

[Event "*** Titled Tuesday Blitz"]
[Site "Chess.com"]
[Date "2020.11.24"]
[Round "2"]
[White "Sinquefield"]
[Black "Zubrrr"]
[Result "0-1"]
[WhiteElo "2344"]
[BlackElo "2659"]
[TimeControl "180+1"]
[EndTime "10:34:10 PST"]
[Termination "Zubrrr won by checkmate"]

1. e4 c5 2. Nf3 d6 3. d4 cxd4 4.
Nxd4 Nf6 5. Nc3 a6 6. Bc4 Qc7 7.
Bb3 e6 8. Qf3 Nc6 9. Be3 Be7 10.
O-O O-O 11. Rad1 Na5 12. Qg3 Kh8 13. f4 b5 14. e5 Ne8 15. Ne4 Nxb3 16. cxb3 Bb7 17.
Ng5 Bd5 18. Rc1 Qb7 19. Qh3 h6 20. Ngf3 f5 21. exf6 Rxf6 22. f5 e5 23. Ne6 Kg8 24.
Qg4 Bxe6 25. fxe6 Qd5 26. Nh4 Qxe6 27. Nf5 Kh7 28. Qh3 d5 29. Rce1 Rd8 30. Bd4 e4 31. Bxf6 Bxf6 32. Kh1 Bxb2 33. Qh4 Bf6 34. Qg3 Nd6 35.
Nxd6 Qxd6 36. Qg4 Qd7 37. Qh5 Qe6 38. g3 d4 39. Qe2 e3 40. Qd3+ Kh8 41. Rf3 Qc6 42.
Kg2 Rc8 43. Re2 Qd5 44. h4 Rc3 45. Qg6 Rc8 46. Qg4 Rd8 47. h5 Re8 48. Qg6 Re5 49. g4 Rg5 50. Qe8+ Kh7 51. Kg3 Be5+ 52. Kg2 Rxg4+ 53. Kf1 Qxf3+ 54. Ke1 Rg1# 0-1

[Event "*** Titled Tuesday Blitz"]
[Site "Chess.com"]
[Date "2020.11.24"]
[Round "2"]
[White "ExtremeLearner"]
[Black "TheKingDoctor"]
[Result "1/2-1/2"]
[WhiteElo "2395"]
[BlackElo "2113"]
[TimeControl "180+1"]
[EndTime "10:34:10 PST"]
[Termination "Game drawn by repetition"]

1. Nf3 Nf6 2. g3 g6 3. Bg2 Bg7 4. O-O O-O 5. d4 d6 6. c4 c6 7.
Nc3 Bf5 8. Ng5 d5 9. b3 h6 10. Nf3 Ne4 11. Bb2 Nxc3 12. Bxc3 Be4 13. e3 Nd7 14. Ne1 Bxg2 15. Nxg2 Nf6 16. Qc2 Ne4 17. Bb2 Rc8 18. f3 Ng5 19. Rad1 Qa5 20. Bc3 Qb6 21. c5 Qc7 22. b4 Nh3+ 23. Kh1 e5 24. f4 exd4 25. Bxd4 Bxd4 26. exd4 Rce8 27. Rfe1 Re4 28. Rxe4 dxe4 29. Ne3 g5 30. Qg2 Qd7 31. f5 g4 32. Rd2 h5 33. Qxe4 Re8 34. Qd3 Rxe3 35. Qxe3 Qd5+ 36. Rg2 Qc4 37. Qe8+ Kg7 38. Qe5+ Kh7 39. Qe1 Qxd4 40. f6 Qxf6 41. Qe4+ Kg7 42.
Qe1 Qf3 43. Qa1+ Kg6 44. Qe1 f6 45. Qb1+ Kg7 46. Qe1 Kg6 47. Qb1+ Kf7 48. Qe1 Kg6 1/2-1/2

[Event "*** Titled Tuesday Blitz"]
[Site "Chess.com"]
[Date "2020.11.24"]
[Round "2"]
[White "DoHoChess"]
[Black "smshk35"]
[Result "1-0"]
[WhiteElo "2689"]
[BlackElo "2460"]
[TimeControl "180+1"]
[EndTime "10:34:12 PST"]
[Termination "DoHoChess won by resignation"]

1. Nf3 Nf6 2. c4 g6 3. Nc3 Bg7 4. e4 d6 5. d4 O-O 6. Be2 Nbd7 7. O-O e5 8. Be3 Ng4 9. Bg5 f6 10. Bd2 Qe8 11. Nd5 Qd8 12. h3 Nh6 13. dxe5 Nxe5 14. Nxe5 dxe5 15. Bb4 Re8 16. Be7 Qd7 17. Nxf6+ Bxf6 18. Bxf6 Qxd1 19. Rfxd1 Kf7 20. Bg5 Ng8 21. Rd3 Be6 22.
b3 h6 23. Bh4 Ne7 24. Rad1 Nc6 25. Bg4 Nd4 26. Bg3 Bxg4 27. hxg4 c5 28. R3d2 a5 29.
Rb1 g5 30. Kf1 Ke6 31. f3 Red8 32. Bf2 b6 33. Bxd4 Rxd4 34. Rxd4 exd4 35. Ke2 Ke5 36.
Rh1 Rh8 37. g3 Rh7 38. a3 Rh8 39. Rb1 h5 40. Rh1 h4 41. gxh4 gxh4 42. Kf2 Kf4 43. Rg1 h3 44. Rh1 d3 45. e5 Kxe5 46. Ke3 d2 47. f4+ Ke6 48. Kxd2 Rh4 49. Ke3 Rxg4 50. Rxh3 Kf5 51. Rh5+ Kg6 52. Rg5+ Rxg5 53. fxg5 Kxg5 54. Ke4 Kg4 55. Kd5 Kf4 56. Kc6 Ke4 57. Kxb6 a4 58. bxa4 Kd4 59. Kb5 1-0

[Event "*** Titled Tuesday Blitz"]
[Site "Chess.com"]
[Date "2020.11.24"]
[Round "2"]
[White "BocharovD"]
[Black "SchmakAttack"]
[Result "1-0"]
[WhiteElo "2788"]
[BlackElo "2504"]
[TimeControl "180+1"]
[EndTime "10:34:13 PST"]
[Termination "BocharovD won by checkmate"]

1. d4 Nf6 2. c4 e6 3. g3 d5 4.
Nf3 dxc4 5. Bg2 c5 6. O-O Nc6 7.
Qa4 Bd7 8. Qxc4 b5 9. Qc3 b4 10. Qd3 Rc8 11. dxc5 Bxc5 12. Bg5 h6 13. Bxf6 Qxf6 14.
Nbd2 Ne5 15. Nxe5 Qxe5 16. Ne4 Be7 17. Rac1 Rd8 18. Rfd1 O-O 19. Qb3 Bb5 20. e3 Rxd1+ 21. Rxd1 Rc8 22. Nd2 a5 23. a4 bxa3 24. bxa3 Rc3 25.
Qb2 Rxe3 26. Qxe5 Rxe5 27. Ra1 a4 28. Bf1 Bxf1 29. Kxf1 Rc5 30. Ra2 Rc3 31. Ne4 Rb3 32. Ke2 f5 33. Nd2 Rxa3 34. Rc2 Bf6 35. Rc6 Kf7 36. Ra6 Ra2 37. Kd3 a3 38. f4 Be7 39.
h4 h5 40. Nc4 Rg2 41. Ne5+ Kf6 42. Nd7+ Kf7 43. Ne5+ Kg8 44. Rxe6 a2 45. Ra6 Rxg3+ 46. Kc4 Rg2 47. Kd5 Bxh4 48. Ke6 Bf6 49. Ra8+ Kh7 50.
Kxf5 h4 51. Nf7 g6+ 52. Kxf6 g5 53. Rh8# 1-0

[Event "*** Titled Tuesday Blitz"]
[Site "Chess.com"]
[Date "2020.11.24"]
[Round "2"]
[White "Iskusnyh"]
[Black "ChessWarrior7197"]
[Result "0-1"]
[WhiteElo "2580"]
[BlackElo "3003"]
[TimeControl "180+1"]
[EndTime "10:34:14 PST"]
[Termination "ChessWarrior7197 won on time"]

1. d4 d5 2. c4 e6 3. Nf3 Nf6 4. g3 dxc4 5. Bg2 Nc6 6. O-O a6 7.
Nbd2 Nxd4 8. Nxc4 Nxf3+ 9. Bxf3 Qxd1 10. Rxd1 Be7 11. Bf4 Nd5 12. Rac1 Nxf4 13. gxf4 Rb8 14. Ne5 Bd6 15. e3 Ke7 16. Nc4 Rd8 17. a3 h6 18. h4 Bd7 19. Nxd6 cxd6 20. Rc7 d5 21. e4 Kd6 22. Rdc1 Rdc8 23. e5+ Ke7 24. Kf1 Kd8 25. Rxc8+ Rxc8 26. Rxc8+ Kxc8 27. Ke2 f6 28. Ke3 fxe5 29. fxe5 g5 30. hxg5 hxg5 31. Kd4 b6 32.
b4 Kd8 33. Bg4 Ke7 34. Ke3 Be8 35. Kd4 Bd7 36. Ke3 Kd8 37. Kd4 Kc7 38. Ke3 Kc6 39. Be2 a5 40. Kd4 axb4 41. axb4 Be8 42. Bd3 Bh5 43. Bf1 Bg6 44. Be2 Bf5 45. Bf1 Kd7 46. Bb5+ Ke7 47. Be2 Kf7 48. Bh5+ Kg7 49. Be8 Kh6 50. Bf7 g4 51. Ke3 Kg5 52. Bg8 Kh4 53.
Bf7 Kh3 54. Bg8 Kg2 55. Bf7 d4+ 56. Kxd4 Kxf2 0-1

[Event "*** Titled Tuesday Blitz"]
[Site "Chess.com"]
[Date "2020.11.24"]
[Round "2"]
[White "Shield12"]
[Black "Chigorinetz"]
[Result "1-0"]
[WhiteElo "2916"]
[BlackElo "2558"]
[TimeControl "180+1"]
[EndTime "10:34:16 PST"]
[Termination "Shield12 won on time"]

1. e4 c5 2. Nf3 Nc6 3. d4 cxd4 4.
Nxd4 g6 5. Nc3 Bg7 6. Be3 Nf6 7. Bc4 O-O 8. Bb3 d6 9. f3 Qa5 10. Qd2 Nxd4 11. Bxd4 Be6 12. O-O Nd7 13. Bxg7 Kxg7 14.
Rfe1 Rac8 15. Kh1 h5 16. Rad1 a6 17. f4 Nc5 18. f5 Bxb3 19. axb3 Nd7 20. Rf1 Nf6 21. Rf3 Qe5 22. Re1 Rc5 23. Qd3 Rfc8 24. Re2 Ng4 25. g3 Nf6 26. fxg6 fxg6 27. Ref2 Kg8 28. Kg2 Kg7 29. Nd5 Nxd5 30. exd5 Qxd5 31. Qxd5 Rxd5 32. Rf7+ Kh6 33. Rxe7 b5 34. h4 Rf5 35.
Rxf5 gxf5 36. c3 d5 37. Re6+ Kg7 38. Rxa6 b4 39. cxb4 Rc2+ 40. Kf3 Rxb2 41. Ra3 Kf6 42. b5 Rc2 43. b6 Rc8 44. b7 Rb8 45. Ra6+ Ke5 46.
Rb6 d4 47. b4 Kd5 48. Kf4 Kc4 49. Rc6+ Kxb4 50. Rc7 Kb5 51. Kxf5 Kb6 52. Rd7 d3 53. Rxd3 Kc6 54. Rb3 1-0

[Event "*** Titled Tuesday Blitz"]
[Site "Chess.com"]
[Date "2020.11.24"]
[Round "2"]
[White "No_t_ime_to_die"]
[Black "shaheus"]
[Result "0-1"]
[WhiteElo "2425"]
[BlackElo "2221"]
[TimeControl "180+1"]
[EndTime "10:34:16 PST"]
[Termination "shaheus won by checkmate"]

1. e4 d5 2. exd5 Nf6 3. d4 Bg4 4. Nf3 Qxd5 5. Be2 Nc6 6. c4 Qd6 7.
d5 Bxf3 8. gxf3 Ne5 9. f4 Ng6 10.
Qa4+ Qd7 11. Qb3 O-O-O 12. Be3 e6 13. dxe6 Qxe6 14. Bf3 c6 15. c5 Qxb3 16. axb3 a6 17.
Nc3 Be7 18. O-O Nh4 19. Bh1 Nf5 20. Rad1 Nxe3 21. fxe3 Bxc5 22. Rde1 Rhe8 23. Rf3 Rd3 24. Na4 Rdxe3 25. Rexe3 Bxe3+ 26. Kf1 Ba7 27. Rg3 g6 28. Bg2 Ne4 29. Bh3+ f5 30. Rd3 Rd8 31. Rxd8+ Kxd8 32. Bg2 Nd2+ 33. Ke2 Nxb3 34. Kd3 Nd4 35. Nc3 Ke7 36. Kc4 Ne6 37. Ne2 Be3 38. Kd3 Bxf4 39. h3 Be5 40.
Kc2 Kd6 41. Bf1 b5 42. Nc1 c5 43. Nd3 Bd4 44. b4 c4 45. Ne1 g5 46. Bg2 h6 47.
Bb7 Nc7 48. Nf3 Bf6 49. Bc8 g4 50. hxg4 fxg4 51. Bxg4 Nd5 52. Bc8 Nxb4+ 53. Kd2 Nc6 54.
Bxa6 Kc5 55. Ne1 b4 56. Nc2 b3 57. Ne3 c3+ 58. Kc1 Bg5 59. Kb1 Bxe3 60. Bd3 Nb4 61. Bh7 Bd4 62. Kc1 Kc4 63. Bg8+ Nd5 64. Bf7 Be3+ 65.
Kb1 c2+ 66. Kb2 c1=Q# 0-1

[Event "*** Titled Tuesday Blitz"]
[Site "Chess.com"]
[Date "2020.11.24"]
[Round "2"]
[White "AlexSuv"]
[Black "RD4ever"]
[Result "1/2-1/2"]
[WhiteElo "2526"]
[BlackElo "2818"]
[TimeControl "180+1"]
[EndTime "10:34:17 PST"]
[Termination "Game drawn by repetition"]

1. d4 Nf6 2. c4 g6 3. Nc3 Bg7 4. e4 d6 5. Nf3 O-O 6. Be2 e5 7.
Be3 exd4 8. Nxd4 Re8 9. f3 c6 10. Bf2 d5 11. exd5 cxd5 12. c5 Nc6 13. O-O Bf8 14.
Nxc6 bxc6 15. Bd4 Nh5 16. Re1 Qg5 17. Bf1 Bh3 18. Qc2 Bf5 19. Qf2 Nf4 20. g3 Nh3+ 21. Bxh3 Bxh3 22. b4 h5 23. b5 Bd7 24. a4 h4 25. bxc6 Bxc6 26. Nb5 a6 27. Nd6 Rxe1+ 28. Rxe1 Bxa4 29. f4 Qg4 30. f5 hxg3 31. hxg3 Bd7 32. fxg6 Qxg6 33. Qf4 Be6 34. Qe5 Bg7 35. Qxg7+ Qxg7 36. Bxg7 Kxg7 37. c6 a5 38. c7 a4 39. Ra1 a3 40. c8=Q Bxc8 41. Nxc8 Rxc8 42. Rxa3 Kf6 43.
Kf2 Re8 44. Kf3 Re1 45. Ra7 Ke6 46. Ra6+ Ke5 47. Ra7 Kd4 48. Kf2 Rb1 49. Rxf7 Kd3 50. g4 d4 51. g5 Rb5 52. g6 Rg5 53. g7 Kc2 54. Kf3 d3 55. Kf4 Rg1 56. Rc7+ Kb2 57.
Rb7+ Kc2 58. Rc7+ Kb2 59. Rb7+ Kc3 60. Rc7+ Kb2 1/2-1/2

[Event "*** Titled Tuesday Blitz"]
[Site "Chess.com"]
[Date "2020.11.24"]
[Round "2"]
[White "maxip32"]
[Black "GregShahade"]
[Result "0-1"]
[WhiteElo "2492"]
[BlackElo "2738"]
[TimeControl "180+1"]
[EndTime "10:34:17 PST"]
[Termination "GregShahade won on time"]

1. e4 e5 2. Nf3 Nc6 3. Bc4 Nf6 4.
d3 Bc5 5. O-O a6 6. a4 d6 7. c3 Ba7 8. Na3 O-O 9. Nc2 Ne7 10.
Be3 Ng6 11. Bxa7 Rxa7 12. Ne3 c6 13. Bb3 d5 14. exd5 cxd5 15. d4 e4 16. Ne5 Qd6 17. Nxg6 hxg6 18. f4 exf3 19. Qxf3 Be6 20. Bc2 Raa8 21.
h3 Rfe8 22. Nd1 Ne4 23. Qf4 g5 24. Qxd6 Nxd6 25. Nf2 Nc4 26. Nd3 Ne3 27. Rf2 Nxc2 28. Rxc2 Bf5 29. Rd2 Bxd3 30. Rxd3 Re2 31. Rb1 b5 32.
axb5 axb5 33. Kf1 Rc2 34. Re3 b4 35. Re2 Rxe2 36. Kxe2 bxc3 37. bxc3 Ra2+ 38. Kf3 Rc2 39.
Rb8+ Kh7 40. Rc8 Kg6 41. Rc5 f6 42. g3 Kf7 43. Rxd5 Rxc3+ 44. Kg4 Kg6 45. h4 gxh4 46.
gxh4 Rd3 47. h5+ Kh6 48. Rd7 Rd1 49. Rd6 Rg1+ 50. Kh4 Rh1+ 51. Kg4 Rxh5 52. d5 Rh1 53. Rd8 Rd1 54. d6 Kg6 0-1

[Event "*** Titled Tuesday Blitz"]
[Site "Chess.com"]
[Date "2020.11.24"]
[Round "2"]
[White "Taktikmonster"]
[Black "Skat2704"]
[Result "1/2-1/2"]
[WhiteElo "2106"]
[BlackElo "2386"]
[TimeControl "180+1"]
[EndTime "10:34:17 PST"]
[Termination "Game drawn by repetition"]

1. e4 c6 2. d4 d5 3. e5 Bf5 4. Nd2 e6 5. Nb3 Ne7 6. Nf3 Nd7 7. Be2 Nc8 8. O-O Be7 9. a4 O-O 10. a5 c5 11. dxc5 Nxc5 12. Nxc5 Bxc5 13. a6 bxa6 14. Rxa6 Ne7 15. c3 Qc7 16. Bf4 Rab8 17. b4 Bb6 18.
Qd2 Ng6 19. Bg3 Rfc8 20. Rc1 h6 21. Nd4 Bxd4 22. Qxd4 Rb6 23. Rxb6 axb6 24. c4 dxc4 25. Rxc4 Qb7 26. Rxc8+ Qxc8 27. Qxb6 Qc1+ 28. Bf1 Ne7 29.
Qc5 Qxc5 30. bxc5 Be4 31. f4 Nf5 32. Kf2 Bc6 33. Bd3 Kf8 34. Bxf5 exf5 35. Kf1 Ke7 36.
Bf2 Ke6 37. g3 Kd5 38. Ke2 Ke4 39. h3 h5 40. h4 g6 41. Be1 Bb5+ 42. Kf2 Bc6 43.
Bd2 Bb5 44. Be3 Bc6 45. Bd2 Kd5 46. Be3 Ba4 47. Ke2 Bb3 48. Kf2 Bc4 49. Ke1 Ba6 50. Kf2 Bb7 51. Ke1 Ke4 52. Kf2 Bc6 53. Ke2 Bb5+ 54.
Kf2 Kd5 55. Kf3 Kc4 56. Kf2 Kd3 57. Kf3 Bc6+ 58. Kf2 Bd5 59. Bc1 Kc2 60. Be3 Kc3 61.
Ke2 Kc4 62. Kf2 Bc6 63. Ke2 Kd5 64. Kf2 Bb5 65. Kf3 Bc6 66. Kf2 1/2-1/2

[Event "*** Titled Tuesday Blitz"]
[Site "Chess.com"]
[Date "2020.11.24"]
[Round "2"]
[White "Cambek64"]
[Black "Escanor89"]
[Result "0-1"]
[WhiteElo "2294"]
[BlackElo "2516"]
[TimeControl "180+1"]
[EndTime "10:34:18 PST"]
[Termination "Escanor89 won by resignation"]

1. e4 c5 2. Nc3 Nc6 3. d3 g6 4. Be3 d6 5. d4 cxd4 6. Bxd4 Nxd4 7. Qxd4 Nf6 8. e5 dxe5 9. Bb5+ Bd7 10. Qxe5 a6 11. Bxd7+ Qxd7 12. Rd1 Qc6 13. Nf3 Bg7 14. O-O O-O 15. Qxe7 Rfe8 16. Qb4 Ne4 17. Nxe4 Rxe4 18. Qb3 Rae8 19. Rfe1 b5 20. Rxe4 Qxe4 21. h3 h6 22. Re1 Qc6 23. Rxe8+ Qxe8 24. Kf1 Qe4 25. a3 Qf5 26.
Ne1 Qe5 27. Nd3 Qh2 28. Qd5 Qh1+ 29. Ke2 Qb1 30. c3 Qc2+ 31. Ke3 h5 32. Qf3 Bh6+ 33. Kd4 Qb3 34. Qa8+ Kh7 35. Qd5 Qa4+ 36. Kc5 Bg7 37. Kb6 Qc2 38. Kxa6 Qa4+ 39. Kb6 Kg8 40. Qxb5 Qe4 41. Qc6 Qxd3 42. a4 Qc2 43. b4 Bxc3 44. Kb5 Qb3 45. Qc4 Qa3 46. a5 Bf6 47. a6 Kg7 48.
Qc5 Qd3+ 49. Ka5 Bd8+ 50. Ka4 Qxa6+ 51. Kb3 Bf6 52. b5 Qa1 53. b6 Bd4 54. Qb5 Bxb6 55.
Kc2 Qa2+ 56. Kd3 Qxf2 0-1

[Event "*** Titled Tuesday Blitz"]
[Site "Chess.com"]
[Date "2020.11.24"]
[Round "2"]
[White "Slovak_fighter2000"]
[Black "Matols"]
[Result "1/2-1/2"]
[WhiteElo "2450"]
[BlackElo "2259"]
[TimeControl "180+1"]
[EndTime "10:34:18 PST"]
[Termination "Game drawn by repetition"]

1. e4 e6 2. d4 d5 3. Bd3 c5 4.
exd5 Qxd5 5. Nc3 Qxd4 6. Nf3 Qd8 7.
Bf4 Nf6 8. Qe2 Bd6 9. Bxd6 Qxd6 10. Rd1 Qe7 11. Bb5+ Bd7 12. Ne5 O-O 13. Nxd7 Nbxd7 14. O-O Rfd8 15. Qf3 a6 16. Bd3 Ne5 17. Qe2 Nxd3 18.
Rxd3 Rxd3 19. Qxd3 Rd8 20. Qf3 h6 21. h3 Rd4 22. Re1 Qd7 23. g3 Rd2 24. Rc1 Qd4 25. Kg2 Nd5 26. Ne4 Ne3+ 27. Kh2 Rxc2 28. Rxc2 Nxc2 29. Nc3 Nb4 30. Kg2 Nd3 31. Qe2 Ne5 32.
Kh2 g6 33. Ne4 Kg7 34. Kg2 Qd5 35. Kh2 f5 36. Nc3 Qd4 37. f4 Nd3 38. Nd1 c4 39.
Qxe6 Nxb2 40. Qe7+ Kg8 41. Qe8+ Kg7 42. Qe7+ Kg8 43. Qe8+ Kg7 44. Nxb2 Qxb2+ 45. Kg1 Qb1+ 46.
Kh2 Qxa2+ 47. Kg1 Qb1+ 48. Kh2 Qc2+ 49. Kg1 Qd1+ 50. Kh2 Qd2+ 51. Kg1 Qd4+ 52. Kh2 Qd2+ 53. Kg1 c3 54. Qe7+ Kg8 55. Qe8+ Kg7 56. Qe7+ Kg8 57. Qe8+ Kg7 1/2-1/2

[Event "*** Titled Tuesday Blitz"]
[Site "Chess.com"]
[Date "2020.11.24"]
[Round "2"]
[White "Shahinyan_ChessMood"]
[Black "zocpoc71"]
[Result "1-0"]
[WhiteElo "2840"]
[BlackElo "2520"]
[TimeControl "180+1"]
[EndTime "10:34:19 PST"]
[Termination "Shahinyan_ChessMood won on time"]

1. e4 e5 2. Nf3 Nc6 3. d4 exd4 4. Nxd4 Bc5 5. Nb3 Bb6 6. Nc3 d6 7. Qe2 Nge7 8. Be3 O-O 9. O-O-O f5 10. f4 fxe4 11.
Bxb6 axb6 12. g3 Bf5 13. Bg2 Qd7 14. h3 Bg6 15. Rhe1 Na5 16. Nxa5 Rxa5 17. Bxe4 Bxe4 18. Qxe4 Rf7 19. g4 Ng6 20. f5 Ne5 21. Qxb7 Qe7 22.
Nd5 Qh4 23. Kb1 h6 24. Qc8+ Kh7 25. Qe6 Rf8 26. f6 Rxf6 27. Nxf6+ Qxf6 28. Qxf6 gxf6 29. Rf1 Kg6 30. Rf5 Ra8 31. b3 Rf8 32. a4 Rh8 33. Rdf1 Nd7 34. Kb2 Re8 35. R1f3 Re4 36. Rc3 c5 37. Rd3 Re6 38. Rfd5 Ne5 39. Rd1 Nf3 40.
Rxd6 Re2 41. Rf1 Nd4 42. Rdxf6+ Kg5 43. R1f2 Re3 44. Rxb6 Kh4 45. c3 Kg3 46. Rd2 Nf3 47. Rc2 Kxh3 48. a5 Kxg4 49. a6 Re7 50. Rb7 Re6 51. a7 Ra6 52. Re2 Kf4 53. Rf7+ Kg3 54. Re3 Kf2 55. Rexf3+ 1-0

[Event "*** Titled Tuesday Blitz"]
[Site "Chess.com"]
[Date "2020.11.24"]
[Round "2"]
[White "ArjunErigaisi2003"]
[Black "GM_LOADING"]
[Result "1/2-1/2"]
[WhiteElo "2932"]
[BlackElo "2457"]
[TimeControl "180+1"]
[EndTime "10:34:20 PST"]
[Termination "Game drawn - insufficient material"]

1. e4 e5 2. Nf3 Nc6 3. Bb5 g6 4.
d4 exd4 5. Nxd4 Bg7 6. Be3 Nf6 7. Nc3 O-O 8. O-O Ne7 9. Qf3 d5 10. Rad1 Bg4 11. Qg3 Bxd1 12. Rxd1 c5 13. Nb3 c4 14.
Bxc4 dxc4 15. Rxd8 Raxd8 16. Nd2 b5 17. a3 a5 18. f3 b4 19. axb4 axb4 20. Nb5 Rfe8 21. Nxc4 Rd1+ 22. Kf2 Nh5 23. Qc7 Rc8 24. Qxe7 Rxc4 25.
c3 bxc3 26. bxc3 Bf6 27. Qe8+ Kg7 28. g4 Bh4+ 29. Ke2 Rd8 30. Qxd8 Bxd8 31. gxh5 Bf6 32. hxg6 hxg6 33. Kd3 Rc8 34. Nd4 Rh8 35. Bf4 Rh4 36.
Bg3 Rh8 37. c4 Rd8 38. e5 Be7 39. Ke4 Bc5 40. Nb3 Bg1 41. c5 Rb8 42. c6 Rxb3 43. e6 f5+ 44. Kd5 Rd3+ 45. Kc4 Rd4+ 46. Kb5 Rd5+ 47.
Ka6 Kf6 48. c7 Rc5 49. Kb7 Kxe6 50. c8=Q+ Rxc8 51. Kxc8 Kd5 52. Kd7 Kd4 53. Ke6 Ke3 54. f4 Kf3 55. Kf6 Kg4 56. Kxg6 Be3 57. h3+ Kxg3 58.
Kxf5 Bxf4 59. h4 Kxh4 1/2-1/2

[Event "*** Titled Tuesday Blitz"]
[Site "Chess.com"]
[Date "2020.11.24"]
[Round "2"]
[White "OnePeculiarConundrum"]
[Black "DrVelja"]
[Result "0-1"]
[WhiteElo "2347"]
[BlackElo "2771"]
[TimeControl "180+1"]
[EndTime "10:34:20 PST"]
[Termination "DrVelja won by resignation"]

1. e4 c5 2. Nf3 d6 3. d4 cxd4 4. Qxd4 a6 5. Nc3 Nc6 6. Qe3 e6 7. Be2 Nf6 8. O-O Be7 9. Nd4 Bd7 10. b3 O-O 11. Bb2 Rc8 12. Rad1 b5 13. Kh1 b4 14.
Nxc6 Rxc6 15. Na4 Rxc2 16. Bd3 Rc6 17. f4 d5 18. e5 Ng4 19. Qh3 Nh6 20. g4 Rc7 21.
Bd4 Qb8 22. Nb2 Bb5 23. g5 Nf5 24. Bxf5 exf5 25. Rf2 Rfc8 26. Qxf5 Bd7 27. Qd3 g6 28. Kg2 Bf5 29. Qe3 Be4+ 30. Kg1 Rc2 31. Nd3 Rxf2 32.
Qxf2 Bf8 33. h4 Qb5 34. Ne1 Bf5 35. h5 Bg4 36. Rd2 Qb8 37. hxg6 hxg6 38. Nd3 Qb7 39. Qe3 Qd7 40. Kf2 Bh5 41. Ne1 Qf5 42. Ng2 Rc1 43.
Rd3 Rc2+ 44. Rd2 Rc1 45. Rd3 Rh1 46. Rd2 Qg4 47. Qg3 Qf5 48. Ne3 Qb1 49. Nd1 Rxd1 50. Rxd1 Qxd1 51. Qe3 Qc2+ 52. Kg3 Qf5 53. e6 Qxe6 54. Qxe6 fxe6 55. Be5 Bg7 56. Bd4 Bxd4 0-1

[Event "*** Titled Tuesday Blitz"]
[Site "Chess.com"]
[Date "2020.11.24"]
[Round "2"]
[White "Michaelson_11"]
[Black "keepitcoming"]
[Result "1-0"]
[WhiteElo "2133"]
[BlackElo "2396"]
[TimeControl "180+1"]
[EndTime "10:34:21 PST"]
[Termination "Michaelson_11 won by checkmate"]

1. e4 c6 2. d4 d5 3. Nd2 dxe4 4. Nxe4 Nf6 5. Nxf6+ exf6 6. c3 Bf5 7. Ne2 Bd6 8.
Ng3 Bg6 9. Bd3 Bxd3 10. Qxd3 O-O 11. O-O Re8 12. Nf5 Bf8 13. Be3 Nd7 14. Rae1 Qa5 15. a3 Rad8 16. Bc1 Ne5 17. Qg3 Ng6 18. Qg4 c5 19. h4 cxd4 20. cxd4 Rxe1 21. h5 Rxf1+ 22. Kxf1 Qc7 23. Be3 Rd5 24. hxg6 fxg6 25. Ng3 f5 26. Qf3 Qf7 27. Ne2 Rd8 28. Nc3 Be7 29. Qxb7 f4 30. Bc1 Rxd4 31. Qxa7 f3 32. Qxd4 fxg2+ 33. Kxg2 Bf6 34.
Qf4 Qb7+ 35. Qf3 Qd7 36. Bf4 Kf8 37. Qa8+ Kf7 38. Qd5+ Qxd5+ 39. Nxd5 Bxb2 40. a4 Bd4 41. a5 h6 42. Be3 Bxe3 43. fxe3 Ke6 44. a6 Kd6 45. a7 Kxd5 46. a8=Q+ Ke5 47. Qg8 Kf6 48. Kf3 Kg5 49. e4 h5 50. Qd5+ Kh6 51. Kf4 h4 52. Qg5+ Kh7 53. Qxh4+ Kg8 54. Kg5 Kf7 55. e5 Ke6 56.
Qf4 Ke7 57. Kxg6 Kd7 58. Qf7+ Kc6 59. e6 Kc5 60. e7 Kd4 61. e8=Q Kc3 62. Qfd7 Kb4 63.
Qec8 Ka3 64. Qdb7 Ka2 65. Qca8# 1-0